 Dungeon Crawl Stone Soup version 0.28-a0-883-gc8d7bad45d (webtiles) character file.

Game seed: 5723040353387269757

3205 bande the Cleaver (level 9, -4/56 HPs)
             Began as a Gargoyle Fighter on Nov 21, 2021.
             Was a Believer of Okawaru.
             Killed from afar by a raiju (6 damage)
             ... with a living lightning
             ... on level 2 of the Abyss.
             The game lasted 00:12:24 (9019 turns).

bande the Cleaver (Gargoyle Fighter)                Turns: 9019, Time: 00:12:25

Health: -4/56      AC: 29    Str: 20    XL:     9   Next: 96%
Magic:  11/11      EV:  6    Int: 10    God:    Okawaru [**....]
Gold:   321        SH:  5    Dex: 11    Spells: 8/8 levels left

rFire   . . .      SeeInvis .   a - +1 war axe
rCold   . . .      Faith    .   c - +0 buckler
rNeg    + . .      Spirit   .   u - +0 plate armour
rPois   ∞          Reflect  .   l - +0 helmet
rElec   +          Harm     .   e - +0 cloak
rCorr   .          Rampage  ∞   j - +2 pair of gloves
Will    .....                   m - +3 pair of seven-league boots {Rampage+∞}
Stlth   ..........              (no amulet)
HPRegen 0.18/turn               (no ring)
MPRegen 0.12/turn               (no ring)

@: no status effects
A: sickness immunity, AC +6, negative energy resistance 1, electricity
resistance, torment resistance 1, petrification resistance
a: Renounce Religion, Heroism


You were on level 2 of the Abyss.
You worshipped Okawaru.
Okawaru was pleased with you.
You visited 2 branches of the dungeon, and saw 8 of its levels.
You visited the Abyss 1 time.
You also visited: Ossuary.

You collected 321 gold pieces.

Inventory:

Hand Weapons
 a - a +1 war axe (weapon)
 v - a +0 war axe
 w - a +0 flail
Armour
 c - a +0 buckler (worn)
 e - a +0 cloak (worn)
 j - a +2 pair of gloves (worn)
 l - a +0 helmet (worn)
 m - the +3 pair of seven-league boots (worn) {Rampage+∞}
   (You acquired it on level 4 of the Dungeon)

   Its wearer moves as far as possible in that direction when moving towards
   enemies.
 u - a +0 plate armour (worn)
Jewellery
 g - a ring of wizardry
 n - a ring of resist corrosion
 y - a ring of protection from cold
Scrolls
 b - a scroll of identify {unknown}
 p - 2 scrolls of enchant armour
 q - a scroll of blinking
 x - a scroll of teleportation
Potions
 d - 2 potions of might
 f - a potion of lignification {unknown}
 h - 2 potions of mutation {unknown}
 i - 6 potions of curing {unknown}
 k - 3 potions of flight {unknown}
 o - 3 potions of degeneration {unknown}
 r - a potion of resistance {unknown}
 s - 2 potions of magic {unknown}
 t - a potion of heal wounds {unknown}


   Skills:
 + Level 6.9 Fighting
 + Level 9.5 Axes
 + Level 6.6 Armour
 + Level 5.4 Shields
 * Level 3.1 Invocations


You had 8 spell levels left.
You didn't know any spells.
Your spell library contained the following spells:

 Spells                   Type           Power      Damage    Failure   Level
 Magic Dart               Conj           0%         1d3       100%        1
 Mephitic Cloud           Conj/Pois/Air  0%         N/A       100%        3
 Call Imp                 Summ           Unusable   N/A       N/A         2

Dungeon Overview and Level Annotations

Branches:
Dungeon (6/15)             Temple (1/1) D:4         Ossuary (visited)

Altars:
Dithmenos
Fedhas
Gozag
Hepliaklqana
Kikubaaqudgha
Nemelex Xobeh
Okawaru
Sif Muna
Trog
Uskayaw
Vehumet
Xom
Yredelemnul

Shops:
D:5 =

Annotations:
D:9 Psyche


Innate Abilities, Weirdness & Mutations

You are immune to sickness and miasma.
Your stone body is resilient. (AC +6)
You are immune to poison.
You resist negative energy. (rN+)
You are resistant to electric shocks. (rElec)
You are resistant to unholy torment.
You are immune to petrification.


Message History

You miss the sixfirhy. You barely miss the raiju.
The raiju bites you but does no damage.
Unknown command.
You slash the raiju!
The raiju is almost dead.
You barely miss the sixfirhy. You completely miss the raiju.
The raiju bites you but does no damage.
A starcursed mass splits.
The raiju bursts into living lightning!
The living lightning misses you.
The raiju blinks!
You slash the raiju!
You kill the raiju!
Okawaru accepts your kill.
You barely miss the raiju. You hit the sixfirhy.
The sixfirhy closely misses you. You block the sixfirhy's attack.
The sixfirhy hits you but does no damage.
The raiju bursts into living lightning!
The living lightning hits you but does no damage.
The raiju blinks!
A starcursed mass splits.
The sixfirhy hits you but does no damage.
A starcursed mass splits.
Your Invocations skill increases to level 3!
Found 22 stones.
The sixfirhy hits you but does no damage. x2
The sixfirhy completely misses you.
The raiju bursts into living lightning!
The living lightning hits you. You resist.
The raiju blinks!
You block the sixfirhy's attack.
A deafening chorus of shrieks assaults your mind!
* * * LOW HITPOINT WARNING * * *
You see here a raiju corpse.
Unknown command.
You block the raiju's attack.
A deafening chorus of shrieks assaults your mind!
* * * LOW HITPOINT WARNING * * *
A starcursed mass splits.
A chorus of shrieks assaults your mind.
* * * LOW HITPOINT WARNING * * *
The raiju bursts into living lightning!
The living lightning hits you. You resist.
You die...

#...### #...##
.. #.... #
#....#.
####...# ###X#
.# #
.....##.X#..##
# ##.
#...#.##.#
....
.....###†h##
##... .
#...h#3# # ##
#..#.#.## #...
#. #.#.@# )#
..#.#...#
.(.#.#.#.#
.#.#...## ..
.###..#. .# .#
.## # .. .. #
.#


You could see a raiju.

Vanquished Creatures
  An ancient zyme (Abyss:2)
  2 raiju (Abyss:2)
  The ghost of mandarbmax the Skirmisher, an amateur OgHu (D:3)
  A shadow (D:5)
  Menkaure (Ossuary)
  A water moccasin (D:5)
  2 orc warriors
  3 black bears
  2 necrophages
  2 kobold brigands (D:3)
  A scorpion (D:6)
  A wyvern skeleton (D:3)
  5 killer bees (D:5)
  2 bullfrog zombies (D:3)
  4 orc priests
  2 hounds
  A jelly (D:5)
  Crazy Yiuf (D:2)
  2 bullfrog skeletons
  An iguana (D:5)
  Jessica (D:2)
  Natasha (D:2)
  5 orc wizards
  A scorpion zombie (D:5)
  3 mummies (Ossuary)
  Robin (D:3)
  10 gnolls (D:3)
  A howler monkey skeleton (D:3)
  2 adders (D:5)
  2 ufetubi (D:4)
  4 dart slugs
  16 orcs
  10 endoplasms
  2 giant cockroaches
  5 gnoll zombies (Ossuary)
  11 goblins
  9 hobgoblins
  3 jackals (D:1)
  36 kobolds
  2 quokkas
  6 ball pythons
  6 bats
  5 frilled lizards
  4 gnoll skeletons (Ossuary)
  7 goblin skeletons (Ossuary)
  5 goblin zombies (Ossuary)
  4 hobgoblin skeletons (Ossuary)
  2 hobgoblin zombies (Ossuary)
  2 kobold skeletons (Ossuary)
  5 kobold zombies (Ossuary)
  5 orc skeletons (Ossuary)
  3 orc zombies (Ossuary)
  6 rats
  3 rat skeletons (Ossuary)
  5 rat zombies (Ossuary)
229 creatures vanquished.

Notes
Turn   | Place    | Note
-------+----------+-------------------------------------------
     0 | D:1      | bande the Gargoyle Fighter began the quest for the Orb.
     0 | D:1      | Reached XP level 1. HP: 14/14 MP: 1/1
   234 | D:1      | Reached XP level 2. HP: 15/19 MP: 2/2
   831 | D:1      | Reached skill level 2 in Axes
   831 | D:1      | Reached XP level 3. HP: 23/23 MP: 3/3
  1053 | D:2      | Reached XP level 4. HP: 18/29 MP: 4/4
  1620 | D:2      | Found a runed translucent door.
  1621 | D:2      | Noticed Crazy Yiuf
  1725 | D:2      | Noticed Jessica
  1730 | D:2      | Killed Jessica
  1900 | D:2      | Noticed Natasha
  1910 | D:2      | Killed Natasha
  1911 | D:2      | Reached skill level 3 in Axes
  1911 | D:2      | Reached XP level 5. HP: 26/33 MP: 5/5
  2105 | D:2      | HP: 1/33 [Crazy Yiuf (3)]
  2108 | D:2      | Killed Crazy Yiuf
  2712 | D:3      | Noticed Robin
  2737 | D:3      | Killed Robin
  2939 | D:3      | Found a runed translucent gate.
  2939 | D:3      | Found a runed translucent gate.
  2939 | D:3      | Found a runed translucent gate.
  2945 | D:3      | Noticed mandarbmax's ghost (amateur OgHu)
  3015 | D:3      | Reached XP level 6. HP: 25/38 MP: 6/6
  3174 | D:3      | Found a shimmering blue altar of Sif Muna.
  3174 | D:3      | Found a blossoming altar of Fedhas.
  3175 | D:3      | Found a shadowy altar of Dithmenos.
  3267 | D:3      | Reached skill level 4 in Axes
  3575 | D:3      | Reached skill level 5 in Axes
  3575 | D:3      | Reached XP level 7. HP: 20/44 MP: 7/7
  4535 | D:4      | Identified a scroll of acquirement
  4535 | D:4      | Acquired the +3 pair of seven-league boots {Rampage+∞}
  4535 | D:4      | Found the +3 pair of seven-league boots {Rampage+∞}
  4806 | D:4      | Found a shimmering altar of Xom.
  4807 | D:4      | Found a hazy altar of Hepliaklqana.
  4808 | D:4      | Noticed a spectral ugly thing
  4900 | D:4      | Found a sand-covered staircase.
  4950 | Ossuary  | Entered an ossuary
  5384 | Ossuary  | Noticed Menkaure
  5390 | Ossuary  | Killed Menkaure
  5391 | Ossuary  | Reached skill level 6 in Axes
  5716 | D:4      | Reached skill level 5 in Fighting
  5716 | D:4      | Reached skill level 5 in Armour
  5792 | D:4      | Reached XP level 8. HP: 44/49 MP: 8/8
  5938 | D:4      | Found a staircase to the Ecumenical Temple.
  5951 | Temple   | Entered the Ecumenical Temple
  5965 | Temple   | Became a worshipper of Warmaster Okawaru
  6306 | D:3      | Killed mandarbmax's ghost
  6307 | D:3      | Reached skill level 7 in Axes
  6514 | D:5      | Entered Level 5 of the Dungeon
  6654 | D:5      | Noticed a shadow
  6669 | D:5      | Killed a shadow
  6669 | D:5      | Reached * piety under Okawaru
  7093 | D:5      | Found Diokhl Myje's Jewellery Emporium.
  7105 | D:5      | Reached skill level 8 in Axes
  7105 | D:5      | Reached XP level 9. HP: 44/55 MP: 9/9
  7210 | D:5      | Found an opulent altar of Gozag.
  7268 | D:5      | Found a sparkling altar of Nemelex Xobeh.
  7290 | D:5      | Found a radiant altar of Vehumet.
  7358 | D:5      | Reached skill level 5 in Shields
  8032 | D:5      | Reached ** piety under Okawaru
  8237 | D:5      | Reached skill level 1 in Invocations
  8647 | D:6      | You fall into a shaft and drop 3 floors!
  8925 | D:9      | Noticed Psyche
  8927 | D:9      | Cast into level 2 of the Abyss (Psyche)
  8953 | Abyss:2  | Noticed an ancient zyme
  8972 | Abyss:2  | Killed an ancient zyme
  8973 | Abyss:2  | Reached skill level 9 in Axes
  9004 | Abyss:2  | Noticed a sixfirhy
  9008 | Abyss:2  | Noticed a starcursed mass
  9018 | Abyss:2  | HP: 2/56 [starcursed mass/accursed screaming (7)]
  9019 | Abyss:2  | Killed from afar by a raiju

Illustrated notes

Levels and vault maps discovered:
D:1:      psy_arrival_fountain, layout_loops_ring, minivault_24
D:2:      layout_loops_corners, uniq_natasha, uniq_jessica,
          uniq_crazy_yiuf_cottage
D:3:      minmay_goblin_kobold_castle, layout_loops_ring,
          chequers_temple_overflow_statue_of_worship,
          gammafunk_ghost_necromancy, uniq_robin
D:4:      layout_layer_cave, regret_index_temple_of_mockery,
          minmay_temple_entry_offerings, lightli_ossuary_entry_decrepit_ruins
D:5:      layout_basic, general_overflow_altar, jmf_multi_god_temple,
          kennysheep_small_circle
D:6:      layout_basic, mainiacjoe_overflow_cross_hatched, uniq_pikel
D:9:      layout_basic, nicolae_ru_awakened_eye, erik_lair_dragon,
          grunt_decor_fettered, uniq_psyche
Temple:   compressed_dpeg_triangle_lava_temple
Abyss:2:  base: D:2, base: D:3, lemuel_flamethrower_hall

Skill      XL: |  1  2  3  4  5  6  7  8  9 |
---------------+----------------------------+-----
Axes           | 2 3 5 6 8 9 |  9.5
Shields        | 4 5 |  5.4
Armour         | 4 5 6 |  6.6
Fighting       | 4 5 6 |  6.9
Invocations    | 3 |  3.1

Action                   |  1- 3 |  4- 6 |  7- 9 || total
-------------------------+-------+-------+-------++-------
Melee: War axe           |    76 |   175 |   491 ||   742
  Use: Scroll            |     3 |     2 |     7 ||    12
       Potion            |       |     1 |       ||     1
Armor: Scale mail        |    43 |   103 |   262 ||   408
       Plate armour      |       |       |    68 ||    68
Dodge: Dodged            |    46 |    85 |   183 ||   314
Block: Buckler           |    23 |    34 |    99 ||   156

Table legend: (Time is in decaauts)
 A = Elapsed time spent in this place.
 B = Non-inter-level travel time spent in this place.
 C = Inter-level travel time spent in this place.
 D = Time resting spent in this place.
 E = Time spent auto-exploring this place.
 F = Levels seen in this place.
 G = Mean time per level.
                   A        B        C        D        E       F      G
               +--------+--------+--------+--------+--------+-----+--------+
         Total |   9164 |   8949 |    215 |   1722 |   5573 |  10 |  916.4 |
       Dungeon |   8317 |   8102 |    215 |   1566 |   5152 |   7 | 1188.1 |
        Temple |     24 |     24 |      0 |      0 |      8 |   1 |   24.0 |
         Abyss |     93 |     93 |      0 |      0 |     34 |   1 |   93.0 |
       Ossuary |    729 |    729 |      0 |    156 |    379 |   1 |  729.0 |
               +--------+--------+--------+--------+--------+-----+--------+

Top non-repeatable levels by time:
     D:3: 2286 daAuts
     D:5: 2106 daAuts
     D:2: 1505 daAuts
     D:4: 1059 daAuts
     D:1: 1036 daAuts
 Ossuary: 729 daAuts
     D:9: 280 daAuts
 Abyss:2: 93 daAuts
     D:6: 43 daAuts
  Temple: 24 daAuts
